[Event "FIDE Zone 3.4 Women-ch 2017"]
[Site "Tashkent"]
[Date "2017.06.17"]
[Round "2.5"]
[White "Velieva Hurma"]
[Black "Nurgali Nazerke"]
[Result "1-0"]
[ECO "B15"]
[WhiteElo "2005"]
[BlackElo "2008"]
[Annotator "NA RC"]
[PlyCount "99"]
[EventDate "2017.??.??"]
[EventType "tourn"]
[EventCountry "UZB"]
[SourceTitle "playchess.com"]
[Source "ChessBase"]
[SourceQuality "1"]
[TimeControl "40/5400+30:1800+30"]

1. e4 c6 2. d4 d5 3. Nc3 dxe4 4. Nxe4 Nf6 5. Nxf6+ exf6 6. Bf4 Bd6 7. Bxd6 Qxd6 8. c3 O-O 9. Bd3 Qd5 10. f3 Bf5 11. Ne2 Bxd3 12. Qxd3 Nd7 13. O-O Rfe8 14. Rfe1 Rad8 15. b3 Nc5 16. Qc2 Ne6 17. Rad1 Qg5 18. Ng3 Nf4 19. Kh1 Nd5 20. Nf1 Ne3 21. Nxe3 Rxe3 22. Rxe3 Qxe3 23. h3 g6 24. Qd2 Qxd2 25. Rxd2 Kf8 26. Kg1 Ke7 27. Kf2 Kd6 28. c4 Ke6 29. Re2+ Kd6 30. Ke3 Re8+ 31. Kd3 Re6 32. Re4 b6 33. Re3 f5 34. f4 h6 35. h4 Kd7 36. d5 Rxe3+ 37. Kxe3 cxd5 38. cxd5 Kd6 39. Kd4 b5 40. a4 a6 41. h5 gxh5 42. g3 bxa4 43. bxa4 Kd7 44. a5 Kd6 45. Kc4 Kd7 46. Kc5 Kc7 47. d6+ Kd7 48. Kd5 f6 49. Kc5 Kd8 50. Kb6 1-0

[Event "FIDE Zone 3.4 Women-ch 2017"]
[Site "Tashkent"]
[Date "2017.06.18"]
[Round "3.5"]
[White "Hallaeva Bahar"]
[Black "Bauyrzhan Arnash"]
[Result "1/2-1/2"]
[ECO "B22"]
[WhiteElo "2072"]
[BlackElo "1987"]
[Annotator "NA RC"]
[PlyCount "89"]
[EventDate "2017.??.??"]
[EventType "tourn"]
[EventCountry "UZB"]
[SourceTitle "playchess.com"]
[Source "ChessBase"]
[SourceQuality "1"]
[TimeControl "40/5400+30:1800+30"]

1. e4 c5 2. Nf3 e6 3. c3 Nf6 4. e5 Nd5 5. d4 cxd4 6. cxd4 d6 7. a3 Nc6 8. Bd3 dxe5 9. dxe5 Qa5+ 10. Bd2 Qb6 11. Nc3 Be7 12. O-O a6 13. Re1 h6 14. Be4 Nxc3 15. Bxc3 Bd7 16. Nd2 Rd8 17. Qg4 O-O 18. Bc2 Bc8 19. Qe4 g6 20. Nc4 Qc5 21. Rad1 b5 22. Na5 Nxa5 23. Bxa5 Rxd1 24. Rxd1 Bb7 25. Qxb7 Qxc2 26. Rf1 Bc5 27. b4 Bd4 28. Qxa6 Qe2 29. a4 Qxe5 30. axb5 Rb8 31. Qc6 Rxb5 32. Qc4 Kg7 33. Bc7 Qd5 34. Rc1 Bb2 35. Qxd5 exd5 36. Rb1 Bc3 37. Bd6 d4 38. Bc5 Kf6 39. Kf1 d3 40. Rd1 Bxb4 41. Bd4+ Kf5 42. Rxd3 Ba5 43. Ke2 h5 44. Re3 Rd5 45. Rd3 1/2-1/2

[Event "FIDE Zone 3.4 Women-ch 2017"]
[Site "Tashkent"]
[Date "2017.06.20"]
[Round "5.5"]
[White "Ovezdurdiyeva Jemal"]
[Black "Bauyrzhan Arnash"]
[Result "1/2-1/2"]
[ECO "E45"]
[WhiteElo "2022"]
[BlackElo "1987"]
[Annotator "NA RC"]
[PlyCount "114"]
[EventDate "2017.??.??"]
[EventType "tourn"]
[EventCountry "UZB"]
[SourceTitle "playchess.com"]
[Source "ChessBase"]
[SourceQuality "1"]
[TimeControl "40/5400+30:1800+30"]

1. d4 Nf6 2. c4 e6 3. Nc3 Bb4 4. e3 b6 5. Nge2 Ba6 6. a3 Bxc3+ 7. Nxc3 d5 8. Qf3 c6 9. b3 O-O 10. Be2 Nbd7 11. Bb2 Rc8 12. O-O Re8 13. Rfd1 h6 14. Rac1 Nf8 15. e4 dxe4 16. Nxe4 Nxe4 17. Qxe4 Ng6 18. Rc3 e5 19. dxe5 Qxd1+ 20. Bxd1 Rxe5 21. Qxe5 Nxe5 22. Rg3 Rd8 23. Bh5 Ng6 24. h4 Rd2 25. Bc3 Rc2 26. Bxg6 fxg6 27. Be5 Kh7 28. Bb8 b5 29. cxb5 cxb5 30. Bxa7 Rc1+ 31. Kh2 Ra1 32. Bc5 Rc1 33. Bb4 Rc2 34. Rf3 Bb7 35. Rf8 Bd5 36. a4 bxa4 37. bxa4 Rc4 38. Rb8 Rxh4+ 39. Kg3 Rc4 40. a5 Rc7 41. Bd2 h5 42. Be3 Rc4 43. a6 Rg4+ 44. Kh3 Bxg2+ 45. Kh2 Be4 46. Rf8 Rh4+ 47. Kg3 Rg4+ 48. Kh3 Bd5 49. a7 g5 50. f3 Ra4 51. Kg3 Kg6 52. Rd8 h4+ 53. Kg2 Ra2+ 54. Bf2 Bb7 55. Rb8 Bd5 56. Rd8 Bb7 57. Rb8 Bd5 1/2-1/2

[Event "FIDE Zone 3.4 Women-ch 2017"]
[Site "Tashkent"]
[Date "2017.06.22"]
[Round "7"]
[White "Tokhirjonova, Gulrukhbegim"]
[Black "Ovezdurdiyeva, Jemal"]
[Result "1-0"]
[ECO "B53"]
[WhiteElo "2293"]
[BlackElo "2022"]
[Annotator "NA"]
[PlyCount "87"]
[EventDate "2017.??.??"]
[EventType "tourn"]
[EventCountry "UZB"]
[SourceTitle "playchess.com"]
[Source "ChessBase"]
[SourceQuality "1"]
[TimeControl "40/5400+30:1800+30"]

1. e4 c5 2. Nf3 d6 3. d4 cxd4 4. Qxd4 Nc6 5. Bb5 a6 6. Bxc6+ {[%emt 0:00:18] B53: Sicilian: 2...d6: Lines with Qxd4} bxc6 7. c4 (7. O-O e5 8. Qa4 Qc7 9. c4 Nf6 10. c5 Bg4 11. Nbd2 Nd7 12. cxd6 Bxd6 13. h3 Bh5 {1-0 (45) Andreikin,D (2736)-Sakaev,K (2594) Sochi 2016}) 7... e5 8. Qd3 Ne7 9. Nc3 f6 $146 ({Predecessor:} 9... Ng6 10. h4 Rb8 11. b3 Qa5 12. O-O f6 13. Bd2 Nf4 14. Bxf4 exf4 {1-0 (29) Fridman,R (2309)-Klups,C Essen Borbeck 1999}) 10. Be3 Ng6 11. O-O Be7 12. h3 O-O 13. c5 Be6 14. cxd6 Bxd6 15. Rfd1 Be7 16. Qxd8 Rfxd8 17. b3 Nf8 18. Na4 Nd7 19. Rac1 Rac8 20. Kf1 Kf7 21. Ke2 Ba3 22. Rc2 Ke7 23. Nd2 c5 24. Nc4 Bxc4+ 25. Rxc4 Rc6 26. Rc2 Rdc8 27. Rd5 R8c7 28. g3 Ke6 29. Rd3 Nb6 30. Nxb6 Rxb6 31. f4 g6 32. fxe5 fxe5 33. Rd8 Rd6 34. Re8+ Kf6 35. g4 Re6 36. Rd8 Rec6 {[%emt 0:01:04] [#]} 37. Kd3 $1 Ke7 38. Bg5+ Kf7 (38... Ke6 {is a better defense.} 39. Re8+ Kf7 40. Rxe5 Rd7+ 41. Rd5 Ke6) 39. Kc4 Re6 $18 (39... Kg7 {keeps fighting.} 40. Rf2 h6) 40. Kd5 Rcc6 41. Rf2+ Kg7 42. Rd7+ Kg8 43. Bh6 Rf6 44. Rd8+ 1-0

[Event "FIDE Zone 3.4 Women-ch 2017"]
[Site "Tashkent"]
[Date "2017.06.23"]
[Round "8"]
[White "Geldiyeva, Mahri"]
[Black "Kurbonboeva, Sarvinoz"]
[Result "1/2-1/2"]
[ECO "E71"]
[WhiteElo "2151"]
[BlackElo "2209"]
[Annotator "NA RC"]
[PlyCount "90"]
[EventDate "2017.??.??"]
[EventType "tourn"]
[EventCountry "UZB"]
[SourceTitle "playchess.com"]
[Source "ChessBase"]
[SourceQuality "1"]
[TimeControl "40/5400+30:1800+30"]

1. d4 Nf6 2. c4 g6 3. Nc3 Bg7 4. e4 d6 5. h3 O-O 6. Bg5 c5 7. d5 $1 e6 8. Be2 exd5 9. exd5 Re8 10. Nf3 h6 11. Be3 Ne4 {[%emt 0:12:32] E74: King's Indian: Averbakh Variation: 6...c5} (11... Bf5 12. Bd3 Ne4 13. Nxe4 Bxe4 14. Bxe4 Rxe4 15. Qc2 f5 16. O-O Nd7 17. Rae1 Qf6 18. Bc1 Rae8 19. Rxe4 Rxe4 {1-0 (42) Dao,T (2493)-Fier,A (2583) Jakarta 2011}) 12. Nxe4 Rxe4 13. Bd3 Re8 14. O-O Qf6 15. Rb1 Nd7 $146 ({Predecessor:} 15... Na6 16. a3 Nc7 17. b4 b6 18. bxc5 bxc5 19. Nd2 {½-½ (27) Olivera,H (2257)-Converset,J (2252) Buenos Aires 2004}) 16. Qa4 Re7 17. Bd2 Nb6 18. Qd1 Re8 19. Qc1 (19. Bc3 $16 Qd8 20. Qd2 (20. Bxg7 Kxg7 21. a4 Qf6 $14)) 19... Kh7 20. Bc3 Qd8 21. Bxg7 (21. Qf4 $5 f5 22. Qd2 $16) 21... Kxg7 22. Qc3+ Qf6 $1 23. Qxf6+ Kxf6 24. g4 Kg7 $11 25. Kg2 f5 26. g5 Bd7 27. b3 Re7 28. h4 Rae8 29. Rh1 Rh8 30. Rhe1 Rhe8 31. Rxe7+ Rxe7 32. Re1 Nc8 33. Kg3 a6 34. Kf4 h5 35. Rxe7+ Nxe7 36. Ne1 b5 37. Ke3 b4 38. Ng2 Nc8 39. Nf4 Kf7 40. Ne2 a5 41. Kf4 a4 42. Ng3 a3 43. Ke3 Nb6 44. Ne2 Bc8 45. f4 Bd7 {[%emt 0:00:00] Ke4} 1/2-1/2